 Dungeon Crawl Stone Soup version 0.29-a0-234-g0dae59b3db (webtiles) character file.

Game seed: 2464821403956295954

33 Hubjo the Sneak (level 3, -3/22 (26) HPs)
             Began as a Vampire Enchanter on Mar 3, 2022.
             Was a Follower of Okawaru.
             Slain by an orc
             ... wielding a +0 mace
              (7 damage)
             ... on level 2 of the Dungeon.
             The game lasted 00:01:43 (1422 turns).

Hubjo the Sneak (Vampire Enchanter)                 Turns: 1422, Time: 00:01:43

HP:   -3/22 (26)    AC:  2    Str:  7    XL:     3   Next: 12%
MP:   4/6           EV: 16    Int: 17    God:    Okawaru [*.....]
Gold: 49            SH:  0    Dex: 16    Spells: 6/6 levels left

rFire   . . .      SeeInvis +   a - +2 dagger
rCold   . . .      Faith    .   (no shield)
rNeg    . . .      Spirit   .   b - +0 robe
rPois   .          Reflect  .   (no helmet)
rElec   .          Harm     .   (no cloak)
rCorr   .          Rampage  .   (no gloves)
Will    .....                   (no boots)
Stlth   ++++......              (no amulet)
HPRegen 0.27/turn               (no ring)
MPRegen 0.10/turn               (no ring)

@: mighty, heroic, healing quickly, heavily drained, invisible
A: alive, fangs 3, see invisible, vampiric 2
a: Exsanguinate, Renounce Religion, Heroism


You were on level 2 of the Dungeon.
You worshipped Okawaru.
Okawaru was aware of your devotion.
You visited 1 branch of the dungeon, and saw 2 of its levels.

You collected 49 gold pieces.

Inventory:

Hand Weapons
 a - a +2 dagger (weapon)
Armour
 b - a +0 robe (worn)
Potions
 d - a potion of mutation {unknown}
 h - a potion of curing


   Skills:
 * Level 1.3(6.3) Fighting
 + Level 1.5(6.5) Short Blades
 + Level 2.5(7.5) Dodging
 * Level 5.1(10.1) Stealth
 - Level 2.0 Spellcasting
 + Level 4.6 Hexes


You had 6 spell levels left.
You didn't know any spells.
Your spell library contained the following spells:

 Spells                   Type           Power      Damage    Failure   Level
 Confusing Touch          Hex            17%        N/A       9%          3
 Ensorcelled Hibernation  Hex/Ice        18%        N/A       12%         2
 Dazzling Flash           Conj/Hex       18%        N/A       22%         3
 Tukima's Dance           Hex            Unusable   N/A       N/A         3

Dungeon Overview and Level Annotations

Branches:
Dungeon (2/15)

Altars:
Okawaru


Innate Abilities, Weirdness & Mutations

Your natural rate of healing is accelerated.
You have razor-sharp teeth.
You have supernaturally acute eyesight. (SInv)
You are afflicted with vampirism and can become a bat while bloodless.


Message History

You hit the necrophage.
The necrophage is moderately damaged.
The necrophage closely misses you.
You barely miss the necrophage.
The necrophage is moderately damaged.
The necrophage closely misses you.
You hit the necrophage.
The necrophage is moderately damaged.
The necrophage barely misses you.
You hit the necrophage but do no damage.
You bite the necrophage.
The necrophage is heavily damaged.
The necrophage hits you.
You feel drained.
You hit the necrophage.
The necrophage is heavily damaged.
The necrophage hits you.
You fade into invisibility!
The orc wizard hits you with a +0 dagger.
The necrophage hits you but does no damage.
The orc closely misses you.
It was a potion of curing.
You feel better. The orc wizard barely misses you. The necrophage hits you.
You feel drained. The orc barely misses you.
It was a potion of might.
You feel very mighty all of a sudden.
The orc wizard hits you with a +0 dagger.
The necrophage hits you.
You feel drained. The orc hits you with a +0 mace.
* * * LOW HITPOINT WARNING * * *
You gain the combat prowess of a mighty hero.
The orc wizard hits you with a +0 dagger.
* * * LOW HITPOINT WARNING * * *
The necrophage misses you. The orc misses you.
You puncture the necrophage! Your punch misses the necrophage.
The necrophage is severely damaged.
The orc wizard closely misses you. The necrophage closely misses you.
You catch the helpless necrophage completely off-guard!
You spit the necrophage like a pig!!!
You destroy the necrophage!
Okawaru is honoured by your kill. The orc hits you with a +0 mace!
You die...

...... .##.#. ## # ## #.
#. ###.# #. ....# ##.
###.# ##########.# ####
###.###...#....#.#....#.
##...##..#.....o@.r....#
#.....#........#o#g.....
.)...............o......
#.....###..............#
##...#####.#######..##.#
............. .... .
##########.### ..##. #.#
.# ..


You could see an orc wizard, 2 orcs, a quokka and a hobgoblin.

Vanquished Creatures
  A necrophage (D:2)
  An adder (D:2)
  4 ball pythons (D:1)
  4 endoplasms (D:1)
  A goblin (D:1)
  3 hobgoblins
  3 quokkas (D:1)
  3 bats (D:1)
  A frilled lizard (D:2)
  2 rats (D:1)
23 creatures vanquished.

Notes
Turn   | Place    | Note
-------+----------+-------------------------------------------
     0 | D:1      | Hubjo the Vampire Enchanter began the quest for the Orb.
     0 | D:1      | Reached XP level 1. HP: 13/13 MP: 3/3
    64 | D:1      | Found a faded altar of an unknown god.
   100 | D:1      | Reached XP level 2. HP: 19/20 MP: 5/5
   110 | D:1      | Prayed at the altar of an unknown god.
   110 | D:1      | Became a worshipper of Warmaster Okawaru
   110 | D:1      | Reached * piety under Okawaru
   355 | D:1      | Reached skill level 1 in Fighting
   483 | D:1      | Reached skill level 5 in Stealth
   697 | D:2      | HP: 1/21 [poisoned by an adder]
   698 | D:2      | Gained mutation: You are afflicted with vampirism and can
                  | become a bat while bloodless. [Vampire growth]
   698 | D:2      | Reached XP level 3. HP: 2/26 MP: 3/6
  1404 | D:2      | Noticed a necrophage
  1422 | D:2      | Killed a necrophage
  1422 | D:2      | Slain by an orc

Illustrated notes

Levels and vault maps discovered:
D:1:      mrwooster_arrival_statue, layout_basic, ebering_ecumenical_altar_webs,
          minmay_tromino_v4_b
D:2:      wad_river_or_something, layout_loops_ring, serial_rivers,
          chequers_serial_rivers_large_a, chequers_serial_rivers_room_b,
          chequers_serial_rivers_small_3, chequers_serial_rivers_small_b,
          chequers_serial_rivers_large_b, chequers_serial_rivers_marsh,
          uniq_natasha

Skill      XL: |  1  2 |
---------------+-------+-----
Fighting       | 1 |  1.3
Stealth        | 5 |  5.1
Short Blades   | |  1.5
Dodging        | |  2.5
Spellcasting   | |  2.0
Hexes          | |  4.6

Action                   || total
-------------------------++-------
Melee: Dagger            ||    91
       Bite              ||     6
       Punch             ||     1
Invok: Heroism           ||     2
  Use: Scroll            ||     2
       Potion            ||     3
 Stab: Sleeping          ||     7
       Invisible         ||     1
Armor: Robe              ||    11
Dodge: Dodged            ||    63

Table legend: (Time is in decaauts)
 A = Elapsed time spent in this place.
 B = Non-inter-level travel time spent in this place.
 C = Inter-level travel time spent in this place.
 D = Time resting spent in this place.
 E = Time spent auto-exploring this place.
 F = Levels seen in this place.
 G = Mean time per level.
                   A        B        C        D        E       F      G
               +--------+--------+--------+--------+--------+-----+--------+
         Total |   1414 |   1372 |     42 |    687 |    479 |   2 |  707.0 |
       Dungeon |   1414 |   1372 |     42 |    687 |    479 |   2 |  707.0 |
               +--------+--------+--------+--------+--------+-----+--------+

Top non-repeatable levels by time:
     D:2: 761 daAuts
     D:1: 652 daAuts
